[Event "*** SCC Grand Prix: Titled Tuesday Blitz"]
[Site "Chess.com"]
[Date "2020.09.08"]
[Round "7"]
[White "LaPorfia"]
[Black "korbul"]
[Result "0-1"]
[WhiteElo "2271"]
[BlackElo "2460"]
[TimeControl "180+1"]
[EndTime "11:18:37 PDT"]
[Termination "korbul won by resignation"]

1. d4 Nf6 2. Nf3 b6 3. Bf4 Bb7 4. Nbd2 g6 5. e3 Bg7 6. Be2 O-O 7. h4 c5 8. c3 cxd4 9. exd4 Nd5 10. Bg3 h5 11. O-O d6 12. Re1 Nc6 13. Bc4 Nf6 14. Bb3 Na5 15. Bc2 Rc8 16. Ne4 Nxe4 17. Bxe4 Bxe4 18.
Rxe4 Nc4 19. b3 Na5 20. Rc1 d5 21. Re1 Nc6 22. Qd2 b5 23. Ne5 Nxe5 24. Bxe5 e6 25.
Bxg7 Kxg7 26. g3 Rc6 27. Qe2 Qf6 28. Qxb5 Rfc8 29. Qd3 a5 30. c4 dxc4 31. bxc4 Rd6 32. Red1 Rcd8 33. d5 Qe5 34. Re1 Qf6 35. Qd2 exd5 36.
c5 Ra6 37. Qd3 d4 38. Re4 Rc6 39. Rf4 Qe5 40. Re4 Qf5 41. Qc4 d3 42. Rf4 Qd5 43.
Qc3+ Kg8 44. Qxa5 d2 45. Rd1 Rxc5 46. Qa7 Rc1 0-1

[Event "*** SCC Grand Prix: Titled Tuesday Blitz"]
[Site "Chess.com"]
[Date "2020.09.08"]
[Round "7"]
[White "ItsCheckM8Mate"]
[Black "Caterpiller35"]
[Result "0-1"]
[WhiteElo "2318"]
[BlackElo "2459"]
[TimeControl "180+1"]
[EndTime "11:18:37 PDT"]
[Termination "Caterpiller35 won by checkmate"]

1. e4 c5 2. Nf3 Nc6 3. d4 cxd4 4. Nxd4 e5 5. Nb5 d6 6. N1c3 a6 7. Na3 b5 8. Nd5 Nge7 9. c4 Nd4 10. Nxe7 Bxe7 11.
cxb5 O-O 12. bxa6 Rxa6 13. Bd3 Bb7 14. Nc2 Nxc2+ 15. Qxc2 Rc6 16. Qe2 Qa8 17. O-O Rb8 18. b3 Rb6 19. Bb2 Bf6 20. f3 d5 21. exd5 Bxd5 22. Bxe5 Re6 23. f4 Rbe8 24. Bc4 Bxe5 25. fxe5 Rxe5 26. Qf2 Bxc4 27. bxc4 f6 28. Rad1 Qc6 29. h3 Re2 30. Qd4 Qxg2# 0-1

[Event "*** SCC Grand Prix: Titled Tuesday Blitz"]
[Site "Chess.com"]
[Date "2020.09.08"]
[Round "7"]
[White "exoticprincess"]
[Black "GukeshDommaraju"]
[Result "1/2-1/2"]
[WhiteElo "2891"]
[BlackElo "2768"]
[TimeControl "180+1"]
[EndTime "11:18:38 PDT"]
[Termination "Game drawn by repetition"]

1. e4 c6 2. d4 d5 3. Nd2 dxe4 4. Nxe4 Nf6 5. Nxf6+ exf6 6. c3 Bd6 7. Bd3 O-O 8. Ne2 Re8 9. O-O Nd7 10. Bf4 Nf8 11. Qd2 Ng6 12. Bxd6 Qxd6 13. Rae1 Bd7 14. Ng3 Qf4 15.
Qc2 Rxe1 16. Rxe1 Re8 17. Rxe8+ Bxe8 18. Ne2 Qd6 19. Bc4 Bd7 20. Qb3 Be6 21. g3 b5 22.
Bxe6 Qxe6 23. Qxe6 fxe6 24. Kf1 Kf7 25. Ke1 Ke7 26. Kd2 Kd6 27. Kd3 e5 28. Ke4 Ke6 29. dxe5 f5+ 30. Kd4 Nxe5 31. h4 Kd6 32. b3 c5+ 33. Ke3 g6 34. Nf4 a5 35. Nd3 Ng4+ 36. Kf4 c4 37. bxc4 bxc4 38. Nb2 Kd5 39. f3 Ne5 40. Ke3 h6 41. Na4 g5 42. hxg5 hxg5 43.
f4 Nf7 44. Nb6+ Kc5 45. Nd7+ Kd6 46. Nb6 Kc5 47. Nd7+ Kd6 48. Nb6 Kc5 1/2-1/2

[Event "*** SCC Grand Prix: Titled Tuesday Blitz"]
[Site "Chess.com"]
[Date "2020.09.08"]
[Round "7"]
[White "penguingm1"]
[Black "sokidze"]
[Result "1-0"]
[WhiteElo "2942"]
[BlackElo "2613"]
[TimeControl "180+1"]
[EndTime "11:18:38 PDT"]
[Termination "penguingm1 won by resignation"]

1. d4 Nf6 2. c4 e6 3. Nc3 Bb4 4.
Qc2 d5 5. cxd5 exd5 6. Bg5 h6 7.
Bh4 g5 8. Bg3 c5 9. dxc5 Nc6 10.
e3 Ne4 11. Bd3 Bf5 12. Ne2 Qf6 13. O-O Nxg3 14. hxg3 Bxd3 15. Qxd3 O-O-O 16. Nxd5 Qe5 17. Rfd1 Rd7 18. Nb6+ axb6 19. Qxd7+ Kb8 20. cxb6 Rc8 21. Qxf7 Qxb2 22. Rab1 Qxe2 23. Rd7 Qa6 24. Qf6 Bc5 25. Qxh6 Bxb6 26. Qxg5 Bc7 27. Qb5 Qxb5 28. Rxb5 Ne5 29.
Rxc7 Rxc7 30. Rxe5 Rc1+ 31. Kh2 Rc2 32. f4 Rxa2 33.
g4 Kc7 34. g5 Ra8 35. g6 Kd6 36. Rb5 Kc6 37. Rg5 Rg8 38. f5 Kd6 39. f6 Ke6 40. f7 Rh8+ 41. Kg3 Kf6 42. g7 1-0

[Event "*** SCC Grand Prix: Titled Tuesday Blitz"]
[Site "Chess.com"]
[Date "2020.09.08"]
[Round "7"]
[White "crescentmoon2411"]
[Black "gmasterkiller"]
[Result "0-1"]
[WhiteElo "2758"]
[BlackElo "2579"]
[TimeControl "180+1"]
[EndTime "11:18:39 PDT"]
[Termination "gmasterkiller won by resignation"]

1. e4 c5 2. Nf3 g6 3. d4 cxd4 4. Qxd4 Nf6 5. e5 Nc6 6. Qa4 Nd5 7. Qe4 Nb6 8. Nc3 d5 9. Qh4 d4 10. Ne4 Qd5 11. Bd3 Nb4 12. O-O Nxd3 13. cxd3 Bd7 14.
Re1 O-O-O 15. Bh6 Bxh6 16. Qxh6 Bc6 17. Qf4 h6 18. Rec1 g5 19. Qf5+ Kb8 20. Rc5 Qd7 21. Qxf7 Rhf8 22. Qh5 Na4 23. Rc2 Bxe4 24. dxe4 d3 25.
Rd2 Nc5 26. Re1 Qa4 27. Red1 Nxe4 28. b3 Qb5 29. Rb2 d2 30. Nxd2 Nc3 31. Re1 Qc5 32.
Nc4 Rf4 33. h3 Rdf8 34. Ne3 Qxe5 35. Rc2 a6 36. Qxh6 Ne4 37. Ng4 Qd4 38. Qe6 Ka7 39. Qe5 Qb6 40. Qxe7 Nxf2 41. Qc5 Qxc5 42. Rxc5 Nd3 43.
Rce5 Nxe1 44. Rxe1 R4f5 45. Re2 Rc8 46. Nh2 Rc1+ 0-1

[Event "*** SCC Grand Prix: Titled Tuesday Blitz"]
[Site "Chess.com"]
[Date "2020.09.08"]
[Round "7"]
[White "TudorAnton"]
[Black "Tooweak2slow03"]
[Result "0-1"]
[WhiteElo "2568"]
[BlackElo "2785"]
[TimeControl "180+1"]
[EndTime "11:18:39 PDT"]
[Termination "Tooweak2slow03 won by resignation"]

1. c4 e6 2. Nc3 Bb4 3. g3 f5 4. Qb3 a5 5. a3 Bxc3 6. Qxc3 Nf6 7. b4 O-O 8. Bb2 axb4 9. axb4 Rxa1+ 10. Bxa1 d6 11.
Bg2 Nbd7 12. Nf3 Qe7 13. O-O b6 14. Nd4 Kh8 15. Bb2 Qf7 16. Ra1 c5 17. Nb5 d5 18.
bxc5 bxc5 19. Ra7 d4 20. Qa3 e5 21. Bc6 Qxc4 22. Nd6 Qxe2 23. Nxc8 Qe1+ 24. Kg2 Ng4 25. Qf3 e4 26. Qf4 g5 27. Ra1 Qe2 28. Bb5 Qxb5 29.
Nd6 Qxb2 30. Qxg5 e3 31. Nxf5 d3 32. Rb1 Qf6 33. Qxg4 Qxf5 34. Qxf5 Rxf5 35. fxe3 c4 36. Rb7 Ne5 37. h3 Nf3 38. g4 Rf6 39. Rb2 Nxd2 40.
Rxd2 Rd6 41. Ra2 c3 42. Kf3 d2 43. Ra8+ Kg7 44. Ra7+ 0-1

[Event "*** SCC Grand Prix: Titled Tuesday Blitz"]
[Site "Chess.com"]
[Date "2020.09.08"]
[Round "7"]
[White "KaterynaLagno"]
[Black "ChessPromotionAlex"]
[Result "1-0"]
[WhiteElo "2702"]
[BlackElo "2512"]
[TimeControl "180+1"]
[EndTime "11:18:40 PDT"]
[Termination "KaterynaLagno won on time"]

1. e4 c5 2. Nf3 d6 3. Bb5+ Bd7 4.
Bxd7+ Qxd7 5. c4 Nc6 6. Nc3 Nf6 7. d4 cxd4 8. Nxd4 g6 9. f3 Bg7 10. Be3 O-O 11. Rc1 a6 12. O-O Nxd4 13. Bxd4 b5 14. cxb5 axb5 15. a3 Rfb8 16. Na2 Rc8 17. Qd3 e5 18. Bc3 d5 19. Bxe5 Qa7+ 20. Bd4 dxe4 21.
fxe4 Rd8 22. Bxa7 Rxd3 23. Nb4 Rd2 24. Be3 Rxb2 25. Bd4 Nxe4 26. Bxb2 Bxb2 27. Rcd1 Bxa3 28. Ra1 Ra7 29. Kh1 Ra4 30. Nc2 Bc5 31. Rxa4 bxa4 32. g3 f5 33. Rb1 Nc3 34. Rb8+ Kf7 35. Rc8 Ne4 36. Ra8 Nc3 37. Kg2 Ke6 38. Kf3 h5 39.
Kf4 1-0

[Event "*** SCC Grand Prix: Titled Tuesday Blitz"]
[Site "Chess.com"]
[Date "2020.09.08"]
[Round "7"]
[White "pastouche06"]
[Black "chessmachine14"]
[Result "1-0"]
[WhiteElo "2490"]
[BlackElo "2344"]
[TimeControl "180+1"]
[EndTime "11:18:41 PDT"]
[Termination "pastouche06 won by checkmate"]

1. d4 Nf6 2. c4 g6 3. f3 Bg7 4. e4 O-O 5. Ne2 d6 6. Be3 c6 7. Qd2 a6 8. a4 e5 9. d5 a5 10.
Nec3 Na6 11. Na3 Nd7 12. dxc6 Ndc5 13. Rd1 bxc6 14. Qxd6 Qb6 15. Rd2 Be6 16. Nd5 Bxd5 17. cxd5 Rac8 18. Bxa6 Qxa6 19. Qxc5 cxd5 20. Qxd5 Rc1+ 21.
Rd1 Rcc8 22. Nb5 Rc2 23. O-O Rxb2 24. Rf2 Rb4 25. Bc5 Rxa4 26. Bxf8 Bxf8 27. Rc2 Rb4 28. Nd6 Qa7+ 29. Kh1 a4 30. Rc8 a3 31. Qxe5 a2 32. Qe8 Kg7 33. Qxf8+ Kf6 34. Qh8+ Ke6 35. Re8+ Kd7 36. Rd8+ Kc6 37. Qe8+ Kb6 38. Nc8+ Ka6 39. Nxa7 Rb1 40. Qc6+ Ka5 41. Rd5+ Kb4 42. Rb5+ Ka3 43.
Qa6# 1-0

[Event "*** SCC Grand Prix: Titled Tuesday Blitz"]
[Site "Chess.com"]
[Date "2020.09.08"]
[Round "7"]
[White "floplover"]
[Black "Quiet_Desperation"]
[Result "0-1"]
[WhiteElo "2300"]
[BlackElo "2017"]
[TimeControl "180+1"]
[EndTime "11:18:41 PDT"]
[Termination "Quiet_Desperation won on time"]

1. d4 d5 2. c4 c6 3. Nf3 Nf6 4.
e3 Bf5 5. Nc3 e6 6. Nh4 Bg4 7. Qb3 Qb6 8. h3 Bh5 9. g4 Bg6 10. Nxg6 hxg6 11. g5 Nh7 12. Rg1 Qc7 13. Bd2 Nd7 14. O-O-O Be7 15. e4 dxc4 16. Bxc4 b5 17.
Bd3 a5 18. Kb1 a4 19. Qc2 Nb6 20. Nxb5 Qd7 21. Nc3 Qxd4 22. Be3 Qd8 23. Nb5 O-O 24. Qxc6 Rb8 25. h4 Qc8 26. Qxc8 Rfxc8 27. Rc1 Rd8 28. Rgd1 Nf8 29. Be2 Rxd1 30. Rxd1 a3 31. b3 Nfd7 32. f4 Bc5 33. Bxc5 Nxc5 34. Bf3 Nba4 35. bxa4 Nxa4 36. Be2 Nc3+ 37. Kc2 Nxe2 0-1

[Event "*** SCC Grand Prix: Titled Tuesday Blitz"]
[Site "Chess.com"]
[Date "2020.09.08"]
[Round "7"]
[White "bsnsun"]
[Black "azikom"]
[Result "1-0"]
[WhiteElo "2434"]
[BlackElo "2632"]
[TimeControl "180+1"]
[EndTime "11:18:43 PDT"]
[Termination "bsnsun won by resignation"]

1. e4 c5 2. Nf3 Nc6 3. d4 cxd4 4.
Nxd4 g6 5. c4 Bg7 6. Be3 d6 7. Nc3 Nf6 8. Be2 O-O 9. O-O Bd7 10.
f3 Rc8 11. Rc1 Re8 12. b3 Qa5 13. Qd2 Nxd4 14. Bxd4 Bc6 15. Rfd1 Nd7 16. Be3 a6 17.
Nd5 Qxd2 18. Rxd2 Kf8 19. Nb6 Nxb6 20. Bxb6 g5 21. Be3 h6 22. Kf2 Be5 23. h4 Bf6 24.
hxg5 hxg5 25. Rh1 Kg7 26. Rdd1 Rh8 27. Rc1 Rxh1 28. Rxh1 Bd7 29. Rh5 Kg6 30. Rh1 b5 31.
Bd3 Kg7 32. Rh5 bxc4 33. bxc4 Kg6 34. g4 e5 35. Rh1 Be6 36. Rb1 Be7 37. Rb7 Bf8 38.
Ra7 Bxc4 39. Bxc4 Rxc4 40. Rxa6 Rc2+ 41. Kf1 Rc3 42. Ke2 Kf6 43. a4 Ke6 44. a5 Ra3 45. Ra8 Be7 46. a6 d5 47. exd5+ Kxd5 48. a7 Ke6 49.
Re8 Ra2+ 50. Kd1 Ra3 51. a8=Q Ra7 52. Qxa7 1-0

[Event "*** SCC Grand Prix: Titled Tuesday Blitz"]
[Site "Chess.com"]
[Date "2020.09.08"]
[Round "7"]
[White "Xeslu"]
[Black "DvaHrasta"]
[Result "1/2-1/2"]
[WhiteElo "2328"]
[BlackElo "2473"]
[TimeControl "180+1"]
[EndTime "11:18:44 PDT"]
[Termination "Game drawn by repetition"]

1. e4 c6 2. d4 d5 3. e5 c5 4. c3 Nc6 5. Nf3 cxd4 6. cxd4 Bg4 7. Be2 e6 8. O-O Bxf3 9. Bxf3 Qb6 10. Be3 Qxb2 11. Nd2 Bb4 12. Rb1 Qxa2 13. Nb3 Qa4 14. Be2 Na5 15. Nxa5 Qxd1 16. Rfxd1 Bxa5 17. Rxb7 Bb6 18.
Bb5+ Kf8 19. Bc1 g6 20. Bd7 Bd8 21. Rd3 h5 22. Rf3 Rh7 23. Bxe6 Be7 24. Bxd5 Rd8 25. Bb3 Rxd4 26. Be3 Rb4 27. Rxb4 Bxb4 28. Bxa7 f5 29. Bd4 Ne7 30. h3 Nc6 31. Bb2 Re7 32. g4 Nxe5 33.
Bxe5 Rxe5 34. gxf5 Rxf5 35. Rxf5+ gxf5 36. Kg2 f4 37. Kf3 Be1 38. Kxf4 Bxf2 39. Kg5 h4 40. Kg4 Bg3 41.
Bd5 Ke7 42. Bg2 Kd6 43. Bf3 Kc5 44. Ba8 Kb4 45. Bb7 Kc3 46. Ba8 Kb4 47. Bb7 Ka5 48. Be4 Kb6 49. Bf5 Kc5 50. Bg6 Kd4 51. Bh5 Ke3 52.
Bg6 Kd4 53. Bh5 Kc5 54. Bg6 Kb6 55. Bh5 Ka5 56. Bg6 Kb4 57. Bh5 Kc5 58. Bg6 1/2-1/2

[Event "*** SCC Grand Prix: Titled Tuesday Blitz"]
[Site "Chess.com"]
[Date "2020.09.08"]
[Round "7"]
[White "sasko1234"]
[Black "chessdjw"]
[Result "0-1"]
[WhiteElo "2417"]
[BlackElo "2578"]
[TimeControl "180+1"]
[EndTime "11:18:45 PDT"]
[Termination "chessdjw won by resignation"]

1. b3 Nf6 2. Bb2 g6 3. g4 Bg7 4. g5 Nh5 5. Bxg7 Nxg7 6. Nc3 d5 7. d4 h6 8. gxh6 Rxh6 9. Qd2 Rh8 10. O-O-O Nc6 11.
f3 Nf5 12. e3 Be6 13. Nge2 Nh4 14. Ng1 Qd7 15. Qf2 O-O-O 16. Nge2 a6 17. Nf4 Qd6 18. Kb2 Kb8 19. a3 g5 20. Nd3 f6 21.
Nc5 Bc8 22. b4 e5 23. b5 Na5 24. bxa6 b6 25. a7+ Ka8 26. Nb3 Nxb3 27. cxb3 c6 28. a4 Kxa7 29. a5 bxa5 30. Ra1 Qb4 31. Ra4 Qb6 32. Be2 exd4 33. exd4 Bf5 34. Rha1 Kb7 35.
Rxa5 Ra8 36. Ra6 Rxa6 37. Bxa6+ Kc7 38. Qg3+ Kd7 39. Na4 Qxd4+ 40. Ka2 Ra8 41. Qf2 Qxf2+ 0-1

[Event "*** SCC Grand Prix: Titled Tuesday Blitz"]
[Site "Chess.com"]
[Date "2020.09.08"]
[Round "7"]
[White "The_Machine04"]
[Black "WinstonSilvakov"]
[Result "1-0"]
[WhiteElo "2269"]
[BlackElo "2125"]
[TimeControl "180+1"]
[EndTime "11:18:46 PDT"]
[Termination "The_Machine04 won by resignation"]

1. d4 Nf6 2. Bg5 c5 3. Bxf6 gxf6 4. d5 Qb6 5. Qc1 h5 6. c4 Bh6 7. e3 d6 8. Nc3 Na6 9. a3 Bf5 10. Nf3 Nc7 11. Qd2 Qa5 12. Bd3 Bg4 13. h3 Bxf3 14.
gxf3 O-O-O 15. b4 cxb4 16. Ne4 Na6 17. Ke2 f5 18. Ng3 Bg7 19. Ra2 e6 20. axb4 Qxb4 21. Qxb4 Nxb4 22. Rxa7 Na6 23. Ra8+ Kc7 24. Rxd8 Kxd8 25.
h4 Nc5 26. f4 Kc7 27. Bc2 Bf6 28. Kf3 Na6 29. Kg2 Nb4 30. Bd1 Nd3 31. Bxh5 Nb2 32. Bxf7 exd5 33. Bxd5 Rxh4 34. Rxh4 Bxh4 35. Nxf5 Bf6 36.
Kf3 Nd3 37. Ng3 Kb6 38. Ne4 Be7 39. Ke2 Nb2 40. f5 Ka5 41. f6 Bf8 42. f7 Kb4 43. Ng5 Nxc4 44. Bxc4 Kxc4 45. Ne6 Be7 46. f8=Q Bxf8 47.
Nxf8 Kc3 48. Ne6 b5 49. Nd4 b4 50. f4 Kc4 51. f5 Kd5 52. Kd3 Ke5 53. Kc4 1-0

[Event "*** SCC Grand Prix: Titled Tuesday Blitz"]
[Site "Chess.com"]
[Date "2020.09.08"]
[Round "7"]
[White "ehrenfeld"]
[Black "AsaHoffmann"]
[Result "1-0"]
[WhiteElo "2561"]
[BlackElo "2396"]
[TimeControl "180+1"]
[EndTime "11:18:49 PDT"]
[Termination "ehrenfeld won by checkmate"]

1. e4 d6 2. d4 c6 3. Nc3 a6 4. a4 Nf6 5. a5 g6 6. Nge2 Bg7 7. h3 O-O 8. g4 e5 9. dxe5 dxe5 10.
Qxd8 Rxd8 11. Be3 Be6 12. Ng3 Nbd7 13. g5 Ne8 14. Na4 Bf8 15. c3 Nc7 16. Be2 Nb5 17.
h4 Bb3 18. Nb6 Nxb6 19. Bxb6 Rd7 20. Bg4 Re7 21. h5 Be6 22. Be2 Rd7 23. hxg6 fxg6 24.
Nf1 Be7 25. Rg1 Nd6 26. Nd2 Rf8 27. Be3 Nb5 28. Bc4 Nc7 29. Rh1 Bd6 30. Be2 Be7 31. O-O-O Rfd8 32. Nc4 Bxc4 33. Bxc4+ Kg7 34. Rxd7 Rxd7 35.
Kc2 Nb5 36. Rf1 Bd8 37. b4 Nd6 38. Rd1 Bc7 39. Bc5 Kf8 40. Be6 Rd8 41. f4 Ke7 42.
Bb3 Ke8 43. fxe5 Nf7 44. e6 Ne5 45. Rf1 Bd6 46. Bb6 Rc8 47. Bd4 Ke7 48. Bxe5 Bxe5 49. Rf7+ Kd6 50. Rd7# 1-0

[Event "*** SCC Grand Prix: Titled Tuesday Blitz"]
[Site "Chess.com"]
[Date "2020.09.08"]
[Round "7"]
[White "ChronicUnhappiness"]
[Black "mmaks007"]
[Result "1-0"]
[WhiteElo "2454"]
[BlackElo "2255"]
[TimeControl "180+1"]
[EndTime "11:18:49 PDT"]
[Termination "ChronicUnhappiness won by resignation"]

1. c4 g6 2. d4 Bg7 3. e4 d6 4.
Nc3 e5 5. Nf3 Nc6 6. d5 Nd4 7.
Nxd4 exd4 8. Ne2 a6 9. Nxd4 Qh4 10. Be3 Nf6 11. Nf3 Qxe4 12. Bd3 Qe7 13. O-O O-O 14. Re1 Qd8 15. h3 Re8 16. Qd2 c6 17. Bd4 c5 18.
Bc3 Bd7 19. Qf4 Rxe1+ 20. Rxe1 Ne8 21. Bxg7 Kxg7 22. Ng5 Qf6 23. Qxf6+ Kxf6 24. Nxh7+ Kg7 25. Ng5 Kf6 26. f4 b5 27. b3 bxc4 28. Bxc4 a5 29.
Kf2 a4 30. Ne4+ Kg7 31. g4 axb3 32. axb3 Ra2+ 33. Re2 Ra1 34. Kg3 Rg1+ 35. Rg2 Re1 36. Re2 Rg1+ 37. Kh2 Rf1 38. Nf2 Kf8 39. Kg2 Ra1 40. Ne4 Ra8 41. Nf2 Rb8 42. Re3 Bb5 43. Ne4 Bxc4 44. bxc4 Rb4 45. Rc3 Rb2+ 46. Kg3 Re2 47.
Kf3 Rh2 48. Nf2 Nf6 49. Re3 1-0

[Event "*** SCC Grand Prix: Titled Tuesday Blitz"]
[Site "Chess.com"]
[Date "2020.09.08"]
[Round "7"]
[White "woodpusher52"]
[Black "Konek-Gorbunok"]
[Result "0-1"]
[WhiteElo "2446"]
[BlackElo "2342"]
[TimeControl "180+1"]
[EndTime "11:18:49 PDT"]
[Termination "Konek-Gorbunok won by checkmate"]

1. e4 c5 2. Nc3 a6 3. d4 cxd4 4. Qxd4 Nc6 5. Qd2 Nf6 6. b3 e6 7. Bb2 Bb4 8. f3 d5 9. exd5 Nxd5 10. O-O-O Nxc3 11. Bxc3 Qxd2+ 12. Bxd2 Bxd2+ 13. Rxd2 Bd7 14. Ne2 O-O-O 15. Nf4 e5 16. Nd5 Be6 17. Bc4 b5 18.
Nb6+ Kc7 19. Nd5+ Kb7 20. Ne3 bxc4 21. bxc4 Rxd2 22. Kxd2 Rd8+ 23. Kc3 Nd4 24. Rb1+ Kc6 25. Rb4 Kc5 26. Ra4 Ne2+ 27. Kb2 Rb8+ 28. Ka3 Nc3 29. Rxa6 Bd7 30. Ra5+ Kd4 31. Rd5+ Nxd5 32. Nxd5 Kxc4 33. Ne3+ Kd4 34. Nf1 Kc3 35. Ne3 Ra8# 0-1

[Event "*** SCC Grand Prix: Titled Tuesday Blitz"]
[Site "Chess.com"]
[Date "2020.09.08"]
[Round "7"]
[White "Zmof"]
[Black "Kotofeyca"]
[Result "0-1"]
[WhiteElo "2228"]
[BlackElo "2358"]
[TimeControl "180+1"]
[EndTime "11:18:49 PDT"]
[Termination "Kotofeyca won by resignation"]

1. e4 c5 2. Nf3 d6 3. Bb5+ Bd7 4. Bxd7+ Qxd7 5. O-O Nf6 6. Qe2 Nc6 7. c3 e6 8. d4 cxd4 9. cxd4 d5 10. e5 Ne4 11.
Nbd2 Nxd2 12. Bxd2 Be7 13. Rfc1 O-O 14. Rc3 Rfc8 15.
Rac1 Nb4 16. a3 Rxc3 17. Rxc3 Nc6 18. h4 Rc8 19. h5 h6 20. g4 Nb8 21. g5 Rxc3 22. bxc3 hxg5 23. Bxg5 Nc6 24. h6 Bxg5 25. Nxg5 gxh6 26. Nh3 Ne7 27. Nf4 Nf5 28. Nh5 Qc8 29. Nf6+ Kh8 30. Qg4 Qf8 31. Nxd5 Qxa3 32. Nf6 Qc1+ 33.
Kh2 Qg5 34. Qe4 Qh4+ 35. Qxh4 Nxh4 36. Ne8 a5 37. Nd6 a4 38. Nb5 Nf3+ 39. Kg3 Nd2 40. Kf4 Nc4 41. Ke4 a3 42. Nxa3 Nxa3 43. Kd3 b5 44. d5 exd5 45. Kd4 Nb1 46. Kxd5 Nxc3+ 47. Kc5 h5 48. Kb4 0-1

[Event "*** SCC Grand Prix: Titled Tuesday Blitz"]
[Site "Chess.com"]
[Date "2020.09.08"]
[Round "7"]
[White "Rozum_Ivan"]
[Black "GM_dmitrij"]
[Result "0-1"]
[WhiteElo "2715"]
[BlackElo "2916"]
[TimeControl "180+1"]
[EndTime "11:18:50 PDT"]
[Termination "GM_dmitrij won by checkmate"]

1. Nf3 Nf6 2. b3 d5 3. Bb2 Bg4 4. Ne5 Bf5 5. h3 Nbd7 6. g4 Be4 7. Rg1 Nxe5 8. Bxe5 Nd7 9. Bb2 e5 10. Nc3 Bg6 11.
Nxd5 Nc5 12. Bg2 Bd6 13. d4 exd4 14. Qxd4 Ne6 15. Qd2 c6 16. Ne3 Qe7 17. Nc4 Bb4 18.
c3 Rd8 19. Qe3 Bc5 20. Qg3 O-O 21. h4 Rfe8 22. Bf3 h6 23. Kf1 Qf6 24. g5 hxg5 25.
hxg5 Qf5 26. Qh4 b5 27. Rh1 Kf8 28. Na5 Nxg5 29. Nxc6 f6 30. Qh8+ Kf7 31. Nxd8+ Ke7 32. Nc6+ Kf7 33. Qh2 Nxf3 34. exf3 Qxf3 35. Qc7+ Kg8 36.
Rh2 Bxf2 37. Ne7+ Rxe7 38. Qc8+ Kf7 39. Rh3 Bd3# 0-1

[Event "*** SCC Grand Prix: Titled Tuesday Blitz"]
[Site "Chess.com"]
[Date "2020.09.08"]
[Round "7"]
[White "Beca95"]
[Black "GregShahade"]
[Result "1-0"]
[WhiteElo "2910"]
[BlackElo "2605"]
[TimeControl "180+1"]
[EndTime "11:18:50 PDT"]
[Termination "Beca95 won by checkmate"]

1. d4 Nf6 2. c4 g6 3. Nc3 d5 4. cxd5 Nxd5 5. Bd2 Nb6 6. e3 Bg7 7. Bb5+ c6 8. Be2 O-O 9. f4 c5 10. dxc5 N6d7 11. Ne4 Bxb2 12. Rb1 Bg7 13. Nf3 Na6 14. Qc2 Qc7 15. Bxa6 bxa6 16. c6 Nb8 17. Rc1 Qxc6 18. Qxc6 Nxc6 19. Rxc6 Bb7 20. Rc4 Bd5 21. Ra4 Bc6 22. Nc5 Bxa4 23. Nxa4 Rac8 24. Ke2 Rc2 25. a3 Ra2 26. Rc1 Rxa3 27. Rc4 Rd8 28. Nd4 Ra2 29.
g4 e5 30. fxe5 Bxe5 31. h3 Kg7 32. Nf3 Bf6 33. Nc5 h5 34. Ne4 hxg4 35. hxg4 g5 36. Rc6 Be7 37. Nd4 Bb4 38. Nc3 Bxc3 39. Rxc3 a5 40. Rd3 Kg8 41. Kf3 a4 42. Bb4 Rb2 43. Be7 Rd7 44. Bxg5 Rb3 45. Rd1 a3 46. Bf6 Kh7 47.
g5 Kg6 48. Kf4 a2 49. Ra1 Rb2 50. Nf3 Rf2 51. Kg3 Rc2 52. Ne5+ Kf5 53. Nxd7 a5 54.
Nb6 Ke4 55. Bd4 Kf5 56. Na4 Kxg5 57. Nc3 Kf5 58. Rxa2 Rc1 59. Rxa5+ Kg6 60. e4 f6 61. Ra6 Kh5 62. Ne2 Re1 63. Kf2 Rd1 64. Rxf6 Kg4 65.
Rf5 Rb1 66. Be3 Kh4 67. e5 Rb5 68. Nd4 Rb2+ 69. Kf3 Rb1 70. Bf2+ Kh3 71. Rh5# 1-0

[Event "*** SCC Grand Prix: Titled Tuesday Blitz"]
[Site "Chess.com"]
[Date "2020.09.08"]
[Round "7"]
[White "blitis"]
[Black "ARTHURMOTIVATOR"]
[Result "0-1"]
[WhiteElo "2496"]
[BlackElo "2369"]
[TimeControl "180+1"]
[EndTime "11:18:51 PDT"]
[Termination "ARTHURMOTIVATOR won on time"]

1. e4 c6 2. d3 d5 3. Nd2 g6 4. h4 h6 5. h5 g5 6. Ngf3 Bg7 7. c3 e5 8. Be2 Ne7 9. Nf1 f5 10. exf5 Nxf5 11. N3h2 O-O 12. Ng4 Nd7 13. Nfe3 Nxe3 14. Bxe3 Qe7 15. d4 e4 16. Qd2 Nb6 17.
b3 a5 18. a4 Bf5 19. O-O-O Nd7 20. Rh3 b5 21. axb5 a4 22. bxc6 axb3 23. Qb2 Ra2 24. Qxb3 Rxe2 25. cxd7 Bxg4 26. Rhh1 Qxd7 27. Rd2 Rxd2 28.
Kxd2 Be6 29. Ra1 Qc7 30. Ra6 Rb8 31. Qa3 Bf7 32. Ra7 Rb7 33. Ra8+ Kh7 34. g3 Qb6 35.
Ke2 Qb2+ 36. Qxb2 Bxh5+ 37. Kd2 Rxb2+ 38. Kc1 Rb7 39. Rd8 Bf7 40. Kc2 Bf6 41. Rd6 Kg7 0-1

[Event "*** SCC Grand Prix: Titled Tuesday Blitz"]
[Site "Chess.com"]
[Date "2020.09.08"]
[Round "7"]
[White "pitterson"]
[Black "beto-betun"]
[Result "0-1"]
[WhiteElo "2226"]
[BlackElo "2137"]
[TimeControl "180+1"]
[EndTime "11:18:51 PDT"]
[Termination "beto-betun won by checkmate"]

1. d4 Nf6 2. c4 g6 3. Nc3 Bg7 4. e4 d6 5. Nf3 O-O 6. Be2 e5 7. O-O Nc6 8. d5 Ne7 9. Ne1 Ne8 10. f3 f5 11. g4 f4 12. h4 h5 13. g5 c6 14. Nd3 Qb6+ 15. Kg2 cxd5 16. cxd5 Bd7 17. Bd2 a5 18. Be1 Qd8 19. Rc1 Nc7 20. Nf2 b5 21. Nd3 Qb8 22. Bf2 Na6 23. Nb1 Rc8 24. Nd2 Rxc1 25. Qxc1 Qb7 26. Qc3 a4 27. Rc1 Rb8 28. Nb4 Rc8 29. Nc6 Nxc6 30. dxc6 Rxc6 31. Nc4 bxc4 32. Bxc4+ Kh7 33. Qd2 Qc8 34. Qd5 Nb4 35.
Qf7 d5 36. exd5 Bh3+ 37. Kh2 Rxc4 38. Rxc4 Qxc4 39. Kxh3 Qf1+ 40. Kh2 Qxf2+ 41. Kh1 Qxf3+ 42. Kh2 Qg3+ 43. Kh1 Nd3 44. d6 Nf2# 0-1

[Event "*** SCC Grand Prix: Titled Tuesday Blitz"]
[Site "Chess.com"]
[Date "2020.09.08"]
[Round "7"]
[White "Ramu_K_FM_FT"]
[Black "Deepweb2020"]
[Result "0-1"]
[WhiteElo "1965"]
[BlackElo "2211"]
[TimeControl "180+1"]
[EndTime "11:18:51 PDT"]
[Termination "Deepweb2020 won on time"]

1. e4 e5 2. Nf3 Nc6 3. Bb5 a6 4.
Ba4 Nf6 5. O-O b5 6. Bb3 Bc5 7.
d3 d6 8. h3 Bb6 9. c3 h6 10.
a4 Rb8 11. axb5 axb5 12. Na3 Ba7 13. Nxb5 Rxb5 14. Ba4 Bxf2+ 15. Rxf2 Rb6 16. Be3 Bd7 17. Bxb6 cxb6 18. Bb3 O-O 19. Qe2 Ne7 20. Nh4 Kh7 21.
Raf1 Ng6 22. Nxg6 fxg6 23. d4 Re8 24. dxe5 Rxe5 25. Bc2 Bb5 26. Qf3 Bxf1 27. Rxf1 Qe7 28. Qe3 b5 29. Qb6 Qe6 30. Rd1 Rg5 31. Rxd6 Qxh3 32.
Qf2 Nh5 33. Bb3 Nf4 34. Kf1 Rxg2 0-1

[Event "*** SCC Grand Prix: Titled Tuesday Blitz"]
[Site "Chess.com"]
[Date "2020.09.08"]
[Round "7"]
[White "Andreikka"]
[Black "Parhamov"]
[Result "0-1"]
[WhiteElo "2818"]
[BlackElo "3000"]
[TimeControl "180+1"]
[EndTime "11:18:52 PDT"]
[Termination "Parhamov won on time"]

1. c4 e6 2. Nc3 d5 3. d4 Bb4 4. a3 Bxc3+ 5. bxc3 Nf6 6. e3 O-O 7.
cxd5 exd5 8. Bd3 b6 9. Ne2 Ba6 10.
O-O Bxd3 11. Qxd3 c5 12. f3 Re8 13. Ng3 Nc6 14. Bb2 h5 15. Rae1 h4 16. Nf5 h3 17.
g4 Ne7 18. Ng3 Rc8 19. Bc1 Qd7 20. g5 Nh7 21. e4 cxd4 22. cxd4 Ng6 23. Be3 Nh4 24.
Rc1 Rxc1 25. Bxc1 Rc8 26. Bd2 Nf8 27. exd5 Qxd5 28. Qe4 Qa2 29. Qxh4 Qxd2 30. Qxh3 Rc2 31. Nf5 Ng6 32. Kh1 Qxg5 33. Ng3 Qd2 34. Nf5 Nf4 35. Qg3 g6 36. Nh6+ Kf8 37. Ng4 Rc1 38. Qg1 Qe2 0-1

[Event "*** SCC Grand Prix: Titled Tuesday Blitz"]
[Site "Chess.com"]
[Date "2020.09.08"]
[Round "7"]
[White "Duong57"]
[Black "Snowflake"]
[Result "0-1"]
[WhiteElo "2297"]
[BlackElo "2470"]
[TimeControl "180+1"]
[EndTime "11:18:52 PDT"]
[Termination "Snowflake won by resignation"]

1. d4 Nf6 2. c4 g6 3. Nc3 Bg7 4. e4 d6 5. Nf3 O-O 6. Be2 e5 7. O-O Nc6 8. d5 Ne7 9. b4 Nh5 10. g3 f5 11. Ng5 Nf6 12. f3 f4 13. Kg2 c6 14. b5 h6 15. Ne6 Bxe6 16. dxe6 fxg3 17.
hxg3 Qc7 18. Be3 Rfd8 19. Qb3 Kh7 20. Rac1 Qc8 21. Rh1 Qxe6 22. Rh2 h5 23. Rch1 Kg8 24. Rd1 Rd7 25. Rhh1 Kf8 26. Qa4 a6 27. bxc6 bxc6 28. Rb1 Qf7 29. Rhd1 Qe8 30. Rb6 Qc8 31. Rdb1 h4 32.
gxh4 Nh5 33. Qb3 Rd8 34. Na4 Bf6 35. Bg5 Bxg5 36. hxg5 Nf4+ 37. Kf2 Qh3 38. Ke3 Qg2 39. Re1 Qxg5 40. Kf2 Nh3+ 0-1